A - U25
HAGERSTOWN SUNS @ ASHEVILLE TOURISTS
06/06/2052
 
TOP OF THE 1ST
Delmarva Shorebirds batting - Pitching for Hickory Crawdads : RHP Radley Shaw
Pitching: RHP Radley Shaw
Batting: LHB Lucas Chocoteco 0-0: Ball
1-0: Called Strike
1-1: Ball
2-1: Foul Ball, location: 2RF
2-2: Strikes out swinging
Batting: LHB Darrick Riley 0-0: Ground out 5-3 (Groundball, 56, EV 86.9 MPH)
Batting: LHB Huey Chase 0-0: SINGLE (Groundball, 6MD, EV 106.9 MPH)
Batting: LHB Wyatt Thompson 0-0: Called Strike
0-1: Ball
1-1: Ball
2-1: Ball
3-1: Base on Balls
Huey Chase to second
Batting: SHB Wade Vo 0-0: Ball
1-0: SINGLE (Line Drive, 89M, EV 105.0 MPH)
Huey Chase to third
Wyatt Thompson to second
Runner from 3rd tries for Home, SAFE, throw by RF to home
Batting: LHB Richie Carr 0-0: Ball
1-0: Ball
2-0: Swinging Strike
2-1: Fly out, F9 (Flyball, 89M, EV 98.8 MPH)
Top of the 1st over - 1 run, 2 hits, 0 errors, 2 left on base; Delmarva 1 - Hickory 0
BOTTOM OF THE 1ST
Hickory Crawdads batting - Pitching for Delmarva Shorebirds : LHP Matadór Valdivia
Pitching: LHP Matadór Valdivia
Batting: LHB Jedediah Graves 0-0: Called Strike
0-1: Foul Ball, location: 7LMF
0-2: Ball
1-2: Foul Ball, location: 5F
1-2: Strikes out looking
Batting: RHB Guilhermino Domínguez 0-0: Ball
1-0: Foul Ball, location: 9LSF
1-1: Called Strike
1-2: Strikes out swinging
Batting: RHB Brock Boon 0-0: Fly out, F9 (Flyball, 89M, EV 95.6 MPH)
Bottom of the 1st over - 0 runs, 0 hits, 0 errors, 0 left on base; Delmarva 1 - Hickory 0
TOP OF THE 2ND
Delmarva Shorebirds batting - Pitching for Hickory Crawdads : RHP Radley Shaw
Batting: RHB Nash Raulston 0-0: Swinging Strike
0-1: Foul Ball, location: 2F
0-2: Strikes out swinging
Batting: RHB Roy Deloch 0-0: SINGLE (Line Drive, 34D, EV 102.5 MPH)
Batting: RHB Archer Franco 0-0: Ball
1-0: Ball
2-0: Ball
3-0: Called Strike
3-1: Foul Ball, location: 5FF
3-2: Foul Ball, location: 2F
3-2: Ground out 2-3 (Groundball, 2L, EV 65.0 MPH)
Roy Deloch to second
Batting: LHB Lucas Chocoteco 0-0: Ground out 3-1 (Groundball, 34S, EV 88.1 MPH)
Top of the 2nd over - 0 runs, 1 hit, 0 errors, 1 left on base; Delmarva 1 - Hickory 0
BOTTOM OF THE 2ND
Hickory Crawdads batting - Pitching for Delmarva Shorebirds : LHP Matadór Valdivia
Batting: LHB Kobe Black 0-0: Foul Ball, location: 7LDF
0-1: Swinging Strike
0-2: Ball
1-2: Foul Ball, location: 5DF
1-2: Ball
2-2: Foul Ball, location: 3DF
2-2: Strikes out looking
Batting: SHB Chiron Gigliotti 0-0: Ball
1-0: Called Strike
1-1: Ball
2-1: Foul Ball, location: 2F
2-2: DOUBLE (Flyball, 8LXD, EV 98.1 MPH)
Batting: RHB Misael Jackson 0-0: Ball
1-0: Ball
2-0: SINGLE (Groundball, 34D, EV 106.3 MPH)
Chiron Gigliotti to third
Runner from 3rd tries for Home, SAFE, throw by RF to home
Batting: SHB Darius Gomula 0-0: Fly out, F7 (Flyball, 7LS, EV 84.4 MPH)
Batting: LHB Nestor Casillas 0-0: Called Strike
0-1: Ball
1-1: Called Strike
1-2: Ball
2-2: Foul Ball, location: 2F
2-2: Ball
3-2: Strikes out swinging
Bottom of the 2nd over - 1 run, 2 hits, 0 errors, 1 left on base; Delmarva 1 - Hickory 1
TOP OF THE 3RD
Delmarva Shorebirds batting - Pitching for Hickory Crawdads : RHP Radley Shaw
Batting: LHB Darrick Riley 0-0: DOUBLE (Flyball, 8RXD, EV 93.1 MPH)
Batting: LHB Huey Chase 0-0: Foul Ball, location: 2F
0-1: Ball
1-1: Ball
2-1: Called Strike
2-2: Strikes out looking
Batting: LHB Wyatt Thompson 0-0: Called Strike
0-1: Ball
1-1: Ball
2-1: Swinging Strike
2-2: Ball
3-2: Base on Balls
Batting: SHB Wade Vo 0-0: Called Strike
0-1: Swinging Strike
0-2: Foul Ball, location: 7LSF
0-2: Ball
1-2: Foul Ball, location: 2F
1-2: Ball
2-2: Fielders Choice at 2nd, 3-6 (Groundball, 34S, EV 85.0 MPH)
Darrick Riley to third
Batting: LHB Richie Carr 0-0: Ball
1-0: Foul Ball, location: 3FF
1-1: Ball
2-1: Fielders Choice at 2nd, 6-4 (Groundball, 6, EV 81.9 MPH)
Top of the 3rd over - 0 runs, 1 hit, 0 errors, 2 left on base; Delmarva 1 - Hickory 1
BOTTOM OF THE 3RD
Hickory Crawdads batting - Pitching for Delmarva Shorebirds : LHP Matadór Valdivia
Batting: LHB Danby Keller 0-0: Ball
1-0: Ball
2-0: Called Strike
2-1: Ball
3-1: Fly out, F8 (Flyball, 78M, EV 83.1 MPH)
Batting: LHB Jedediah Graves 0-0: Foul Ball, location: 2F
0-1: Ball
1-1: Ball
2-1: Ball
3-1: Foul Ball, location: 7LSF
3-2: Ground out 6-3 (Groundball, 6, EV 90.0 MPH)
Batting: RHB Guilhermino Domínguez 0-0: Ball
1-0: Ball
2-0: Called Strike
2-1: Ball
3-1: Foul Ball, location: 9LSF
3-2: Fly out, F4 (Popup, 34, EV 59.4 MPH)
Bottom of the 3rd over - 0 runs, 0 hits, 0 errors, 0 left on base; Delmarva 1 - Hickory 1
TOP OF THE 4TH
Delmarva Shorebirds batting - Pitching for Hickory Crawdads : RHP Radley Shaw
Batting: RHB Nash Raulston 0-0: Ball
1-0: Foul Ball, location: 9LMF
1-1: Swinging Strike
1-2: Strikes out swinging
Batting: RHB Roy Deloch 0-0: Ball
1-0: Ball
2-0: Ball
3-0: Base on Balls
Batting: RHB Archer Franco 0-0: Called Strike
0-1: Ground out 4-3 (Groundball, 34, EV 109.4 MPH)
Roy Deloch to second
Batting: LHB Lucas Chocoteco 0-0: Foul Ball, location: 7LDF
0-1: Ball
1-1: Ball
2-1: Ball
3-1: SINGLE (Groundball, 34D, EV 100.6 MPH)
Roy Deloch to third
Runner from 3rd tries for Home, SAFE, throw by RF to home
Batting: LHB Darrick Riley 0-0: Called Strike
0-1: Ball
1-1: Foul Ball, location: 7LMF
1-2: Foul Ball, location: 7LMF
1-2: Ball
Lucas Chocoteco is caught stealing 2nd base 2-6
Top of the 4th over - 1 run, 1 hit, 0 errors, 0 left on base; Delmarva 2 - Hickory 1
BOTTOM OF THE 4TH
Hickory Crawdads batting - Pitching for Delmarva Shorebirds : LHP Matadór Valdivia
Batting: RHB Brock Boon 0-0: Swinging Strike
0-1: Called Strike
0-2: Ball
1-2: Ball
2-2: Foul Ball, location: 2F
2-2: Strikes out looking
Batting: LHB Kobe Black 0-0: Foul Ball, location: 25F
0-1: Ball
1-1: Ground out 6-3 (Groundball, 56, EV 103.1 MPH)
Batting: SHB Chiron Gigliotti 0-0: Ball
1-0: Ball
2-0: Swinging Strike
2-1: Ball
3-1: SINGLE (Flyball, 4MD, EV 93.1 MPH)
Batting: RHB Misael Jackson 0-0: Called Strike
0-1: Fly out, F8 (Flyball, 8RXD, EV 106.3 MPH)
Bottom of the 4th over - 0 runs, 1 hit, 0 errors, 1 left on base; Delmarva 2 - Hickory 1
TOP OF THE 5TH
Delmarva Shorebirds batting - Pitching for Hickory Crawdads : RHP Radley Shaw
Batting: LHB Darrick Riley 0-0: Ball
1-0: Ball
2-0: Called Strike
2-1: Swinging Strike
2-2: Foul Ball, location: 7LDF
2-2: Foul Ball, location: 2F
2-2: SINGLE (Line Drive, 6MD, EV 110.0 MPH)
Batting: LHB Huey Chase 0-0: Called Strike
0-1: Foul Ball, location: 2F
0-2: Ball
1-2: 2-RUN HOME RUN (Flyball, 7LD, EV 93.1 MPH), Distance : 346 ft
Batting: LHB Wyatt Thompson 0-0: Called Strike
0-1: Swinging Strike
0-2: Strikes out looking
Batting: SHB Wade Vo 0-0: Called Strike
0-1: Called Strike
0-2: Ground out 6-3 (Groundball, 6M, EV 90.6 MPH)
Batting: LHB Richie Carr 0-0: Ball
1-0: Fly out, F9 (Line Drive, 9S, EV 88.1 MPH)
Top of the 5th over - 2 runs, 2 hits, 0 errors, 0 left on base; Delmarva 4 - Hickory 1
BOTTOM OF THE 5TH
Hickory Crawdads batting - Pitching for Delmarva Shorebirds : LHP Matadór Valdivia
Batting: SHB Darius Gomula 0-0: Ground out 6-3 (Groundball, 6, EV 102.5 MPH)
Batting: LHB Nestor Casillas 0-0: Ball
1-0: Foul Ball, location: 2F
1-1: Called Strike
1-2: Foul Ball, location: 2F
1-2: Foul Ball, location: 2LF
1-2: Ball
2-2: Foul Ball, location: 7LDF
2-2: Strikes out swinging
Batting: LHB Danby Keller 0-0: Foul Ball, location: 2F
0-1: Foul Ball, location: 2F
0-2: Strikes out swinging
Bottom of the 5th over - 0 runs, 0 hits, 0 errors, 0 left on base; Delmarva 4 - Hickory 1
TOP OF THE 6TH
Delmarva Shorebirds batting - Pitching for Hickory Crawdads : RHP Radley Shaw
Pitching: RHP Ciaran Ross
Batting: RHB Nash Raulston 0-0: Called Strike
0-1: Ball
1-1: Foul Ball, location: 9LSF
1-2: Ball
2-2: Foul Ball, location: 2RF
2-2: Strikes out looking
Batting: RHB Roy Deloch 0-0: Foul Ball, location: 5F
0-1: Foul Ball, location: 23FF
0-2: Strikes out swinging
Batting: RHB Archer Franco 0-0: Swinging Strike
0-1: Foul Ball, location: 2F
0-2: Ball
1-2: DOUBLE (Line Drive, 89D, EV 105.0 MPH)
Batting: LHB Lucas Chocoteco 0-0: Ball
1-0: Called Strike
1-1: Ball
Wild Pitch!
Archer Franco to third
2-1: Foul Ball, location: 7LSF
2-2: Strikes out looking
Top of the 6th over - 0 runs, 1 hit, 0 errors, 1 left on base; Delmarva 4 - Hickory 1
BOTTOM OF THE 6TH
Hickory Crawdads batting - Pitching for Delmarva Shorebirds : LHP Matadór Valdivia
Batting: LHB Jedediah Graves 0-0: Ball
1-0: Ball
2-0: Ball
3-0: Base on Balls
Batting: RHB Guilhermino Domínguez 0-0: Ball
1-0: Fielders Choice at 2nd, 4-6 (Groundball, 4MD, EV 98.8 MPH)
Batting: RHB Brock Boon 0-0: Called Strike
0-1: Ball
1-1: Called Strike
1-2: Ball
2-2: Foul Ball, location: 9LMF
2-2: Foul Ball, location: 2F
2-2: Ball
3-2: Fly out, F5 (Line Drive, 5, EV 71.9 MPH)
Pitching: LHP Cody Clark
Batting: LHB Kobe Black 0-0: Ball
Wild Pitch!
Guilhermino Domínguez to second
1-0: Foul Ball, location: 3F
1-1: Swinging Strike
1-2: Strikes out swinging
Bottom of the 6th over - 0 runs, 0 hits, 0 errors, 1 left on base; Delmarva 4 - Hickory 1
TOP OF THE 7TH
Delmarva Shorebirds batting - Pitching for Hickory Crawdads : RHP Ciaran Ross
Pitching: LHP Ruben Bojorquez
Batting: LHB Darrick Riley 0-0: Called Strike
0-1: Ball
1-1: Foul Ball, location: 3F
1-2: Foul Ball, location: 7LDF
1-2: Foul Ball, location: 3F
1-2: Ball
2-2: Ball
3-2: Strikes out swinging
Pitching: RHP J.R. Baldizan
Batting: LHB Huey Chase 0-0: Ball
1-0: Ball
2-0: Called Strike
2-1: Foul Ball, location: 2F
2-2: Ball
3-2: Foul Ball, location: 2F
3-2: SOLO HOME RUN (Flyball, 9D, EV 95.6 MPH), Distance : 390 ft
Batting: LHB Wyatt Thompson 0-0: Ball
1-0: Ball
2-0: Ball
3-0: Called Strike
3-1: Base on Balls
Batting: SHB Wade Vo 0-0: Called Strike
0-1: SINGLE (Line Drive, 4MD, EV 98.1 MPH)
Wyatt Thompson to second
Batting: LHB Richie Carr 0-0: Fly out, F8 (Flyball, 8RXD, EV 97.5 MPH)
Runner from 2nd tags up, SAFE at 3rd, no throw by CF
Batting: RHB Nash Raulston 0-0: Foul Ball, location: 2F
0-1: Foul Ball, location: 7LDF
0-2: Ball
1-2: Ball
2-2: Foul Ball, location: 3SF
2-2: Ball
3-2: Foul Ball, location: 2F
3-2: Base on Balls
Wade Vo to second
Batting: RHB Roy Deloch 0-0: Called Strike
0-1: Ball
1-1: Ball
2-1: Ball
3-1: Base on Balls
Wyatt Thompson scores
Wade Vo to third
Nash Raulston to second
Batting: RHB Archer Franco 0-0: Swinging Strike
0-1: Ball
1-1: Called Strike
1-2: Strikes out swinging
Top of the 7th over - 2 runs, 2 hits, 0 errors, 3 left on base; Delmarva 6 - Hickory 1
BOTTOM OF THE 7TH
Hickory Crawdads batting - Pitching for Delmarva Shorebirds : LHP Cody Clark
Batting: SHB Chiron Gigliotti 0-0: Ball
1-0: Swinging Strike
1-1: Swinging Strike
1-2: Strikes out swinging
Batting: RHB Misael Jackson 0-0: Called Strike
0-1: Ball
1-1: Foul Ball, location: 2F
1-2: Ball
2-2: Strikes out looking
Batting: SHB Darius Gomula 0-0: Ball
1-0: Called Strike
1-1: Called Strike
1-2: Strikes out swinging
Bottom of the 7th over - 0 runs, 0 hits, 0 errors, 0 left on base; Delmarva 6 - Hickory 1
TOP OF THE 8TH
Delmarva Shorebirds batting - Pitching for Hickory Crawdads : RHP J.R. Baldizan
Batting: LHB Lucas Chocoteco 0-0: Foul Ball, location: 2F
0-1: SINGLE (Line Drive, 78S, EV 90.0 MPH)
Batting: LHB Darrick Riley 0-0: Foul Ball, location: 2F
0-1: Ball
1-1: Ball
2-1: Foul Ball, location: 7LDF
2-2: Fly out, F8 (Flyball, 89M, EV 85.6 MPH)
Pitching: RHP Hugh Brenner
Batting: LHB Huey Chase 0-0: Ball
1-0: Called Strike
1-1: Ball
Lucas Chocoteco steals 2nd base
2-1: Ball
3-1: Base on Balls
Batting: LHB Wyatt Thompson 0-0: Called Strike
0-1: Swinging Strike
0-2: Strikes out swinging
Batting: SHB Wade Vo 0-0: Ball
1-0: Ball
2-0: Fly out, F8 (Flyball, 8LS, EV 93.8 MPH)
Top of the 8th over - 0 runs, 1 hit, 0 errors, 2 left on base; Delmarva 6 - Hickory 1
BOTTOM OF THE 8TH
Hickory Crawdads batting - Pitching for Delmarva Shorebirds : LHP Cody Clark
Pinch Hitting: RHB Owen Penn 0-0: Ball
1-0: Ground out 5-3 (Groundball, 56, EV 100.0 MPH)
Batting: LHB Danby Keller 0-0: Ball
1-0: Swinging Strike
1-1: Swinging Strike
1-2: Foul Ball, location: 7LDF
1-2: Strikes out swinging
Batting: LHB Jedediah Graves 0-0: Swinging Strike
0-1: Ball
1-1: Ball
2-1: Fly out, F6 (Popup, 6MS, EV 68.1 MPH)
Bottom of the 8th over - 0 runs, 0 hits, 0 errors, 0 left on base; Delmarva 6 - Hickory 1
TOP OF THE 9TH
Delmarva Shorebirds batting - Pitching for Hickory Crawdads : RHP Hugh Brenner
Now in RF: Ethan Motley
Batting: LHB Richie Carr 0-0: Ground out 5-3 (Groundball, 56, EV 85.6 MPH)
Batting: RHB Nash Raulston 0-0: Ball
1-0: Called Strike
1-1: Swinging Strike
1-2: Fly out, F5 (Line Drive, 5, EV 73.1 MPH)
Batting: RHB Roy Deloch 0-0: Ball
1-0: Ball
2-0: Ball
3-0: Called Strike
3-1: Foul Ball, location: 9LMF
3-2: Base on Balls
Batting: RHB Archer Franco 0-0: Ball
1-0: Called Strike
1-1: Ball
2-1: Ball
3-1: Ground out 4-3 (Groundball, 4, EV 103.1 MPH)
Top of the 9th over - 0 runs, 0 hits, 0 errors, 1 left on base; Delmarva 6 - Hickory 1
BOTTOM OF THE 9TH
Hickory Crawdads batting - Pitching for Delmarva Shorebirds : LHP Cody Clark
Batting: RHB Guilhermino Domínguez 0-0: Ball
1-0: Foul Ball, location: 23F
1-1: Foul Ball, location: 9LDF
1-2: Foul Ball, location: 25F
1-2: Ball
2-2: Strikes out looking
Batting: RHB Brock Boon 0-0: Ball
1-0: Ground out 3-1 (Groundball, 34S, EV 83.8 MPH)
Batting: LHB Kobe Black 0-0: Called Strike
0-1: Foul Ball, location: 7LSF
0-2: Ball
1-2: Fly out, F6 (Popup, 6M, EV 50.0 MPH)
Bottom of the 9th over - 0 runs, 0 hits, 0 errors, 0 left on base; Delmarva 6 - Hickory 1
Wednesday, April 24th , 2024 - OOTP Baseball 24.11 Build 85